TOP OF THE 1ST |
Virginia Cavaliers batting - Pitching for Boston College Eagles : RHP Hoyt Baldwin
|
Pitching: RHP Hoyt Baldwin
|
|
Batting: RHB Carl Curry
|
0-0: Ball 1-0: Ball 2-0: Called Strike 2-1: Bunt for hit - play at first, batter safe!
|
Batting: RHB Mark Whiffen
|
0-0: Swinging Strike 0-1: Ball 1-1: Ball Carl Curry is caught stealing 2nd base 2-1: Foul Ball, location: 2F 2-2: Ground out 6-3 (Groundball, 56)
|
Batting: RHB Bartolo Reyes
|
0-0: Called Strike 0-1: Foul Ball, location: 2F 0-2: Ball 1-2: Foul Ball, location: 2F 1-2: Ball 2-2: DOUBLE (Line Drive, 7LM)
|
Batting: SHB Walton Locke
|
0-0: Fly out, F8 (Flyball, 8RD)
|
Top of the 1st over - 0 run(s), 2 hit(s), 0 error(s), 1 left on base; Virginia 0 - Boston College 0 |
BOTTOM OF THE 1ST |
Boston College Eagles batting - Pitching for Virginia Cavaliers : RHP Will Hall
|
Pitching: RHP Will Hall
|
|
Batting: RHB Jason Sears
|
0-0: Fly out, F9 (Flyball, 9S)
|
Batting: RHB Armando Blanco
|
0-0: Ball 1-0: Ball 2-0: Called Strike 2-1: Fly out, F7 (Line Drive, 78M)
|
Batting: SHB Felipe Castro
|
0-0: Swinging Strike 0-1: Ball 1-1: Swinging Strike 1-2: Strikes out swinging
|
Bottom of the 1st over - 0 run(s), 0 hit(s), 0 error(s), 0 left on base; Virginia 0 - Boston College 0 |
TOP OF THE 2ND |
Virginia Cavaliers batting - Pitching for Boston College Eagles : RHP Hoyt Baldwin
|
Batting: LHB Domingo González
|
0-0: Ball 1-0: Called Strike 1-1: Ball 2-1: Called Strike 2-2: Strikes out looking
|
Batting: LHB Pablo Espinoza
|
0-0: Called Strike 0-1: Ball 1-1: Foul Ball, location: 2F 1-2: Foul Ball, location: 2F 1-2: Foul Ball, location: 2F 1-2: Ball 2-2: Strikes out looking
|
Batting: RHB Bert Larson
|
0-0: Called Strike 0-1: Called Strike 0-2: Foul Ball, location: 2F 0-2: Ball 1-2: Ball 2-2: Strikes out swinging
|
Top of the 2nd over - 0 run(s), 0 hit(s), 0 error(s), 0 left on base; Virginia 0 - Boston College 0 |
BOTTOM OF THE 2ND |
Boston College Eagles batting - Pitching for Virginia Cavaliers : RHP Will Hall
|
Batting: LHB Rafael Yan
|
0-0: Ball 1-0: Called Strike 1-1: Foul Ball, location: 2F 1-2: Ball 2-2: Ball 3-2: Foul Ball, location: 2F 3-2: Base on Balls
|
Batting: RHB Justin Waterston
|
0-0: Ball 1-0: Foul Ball, location: 2F 1-1: Called Strike 1-2: Ball 2-2: Strikes out swinging
|
Batting: RHB Stanley Wallace
|
0-0: Called Strike 0-1: Ball 1-1: Called Strike 1-2: Ground out 5-3 (Groundball, 56S) Rafael Yan to second
|
Batting: RHB Ed Gómez
|
0-0: Called Strike 0-1: Ball 1-1: Called Strike 1-2: Ball 2-2: Foul Ball, location: 2F 2-2: Ball 3-2: Ground out 4-3 (Groundball, 4)
|
Bottom of the 2nd over - 0 run(s), 0 hit(s), 0 error(s), 1 left on base; Virginia 0 - Boston College 0 |
TOP OF THE 3RD |
Virginia Cavaliers batting - Pitching for Boston College Eagles : RHP Hoyt Baldwin
|
Batting: LHB Brett Anderson
|
0-0: Ground out U3 (Groundball, 3)
|
Batting: LHB Randy Pérez
|
0-0: Called Strike 0-1: Called Strike 0-2: Ground out 4-3 (Groundball, 34D)
|
Batting: RHB Carl Curry
|
0-0: Called Strike 0-1: Ball 1-1: Swinging Strike 1-2: Fly out, F9 (Flyball, 9LSF)
|
Top of the 3rd over - 0 run(s), 0 hit(s), 0 error(s), 0 left on base; Virginia 0 - Boston College 0 |
BOTTOM OF THE 3RD |
Boston College Eagles batting - Pitching for Virginia Cavaliers : RHP Will Hall
|
Batting: RHB Alan Mercado
|
0-0: Called Strike 0-1: Ball 1-1: Fly out, F9 (Flyball, 9LMF)
|
Batting: SHB Marvin MacGeoch
|
0-0: Called Strike 0-1: Ball 1-1: Foul Ball, location: 2F 1-2: SINGLE (Line Drive, 7S)
|
Batting: RHB Jason Sears
|
0-0: Fly out, F8 (Flyball, 8RD)
|
Batting: RHB Armando Blanco
|
0-0: Called Strike 0-1: Ball 1-1: Ball 2-1: Foul Ball, location: 2F 2-2: Ball 3-2: Foul Ball, location: 2F 3-2: Ground out 4-3 (Groundball, 4S)
|
Bottom of the 3rd over - 0 run(s), 1 hit(s), 0 error(s), 1 left on base; Virginia 0 - Boston College 0 |
TOP OF THE 4TH |
Virginia Cavaliers batting - Pitching for Boston College Eagles : RHP Hoyt Baldwin
|
Batting: RHB Mark Whiffen
|
0-0: Ball 1-0: Called Strike 1-1: Swinging Strike 1-2: Ball 2-2: Ball 3-2: Ground out 5-3 (Groundball, 56)
|
Batting: RHB Bartolo Reyes
|
0-0: Called Strike 0-1: Foul Ball, location: 2F 0-2: Strikes out swinging
|
Batting: SHB Walton Locke
|
0-0: Ball 1-0: Ground out 1-3 (Groundball, P)
|
Top of the 4th over - 0 run(s), 0 hit(s), 0 error(s), 0 left on base; Virginia 0 - Boston College 0 |
BOTTOM OF THE 4TH |
Boston College Eagles batting - Pitching for Virginia Cavaliers : RHP Will Hall
|
Batting: SHB Felipe Castro
|
0-0: Ball 1-0: Ball 2-0: Ball 3-0: Called Strike 3-1: Called Strike 3-2: SOLO HOME RUN (Flyball, 89XD), Distance : 369 ft
|
Batting: LHB Rafael Yan
|
0-0: Swinging Strike 0-1: Foul Ball, location: 2F 0-2: Strikes out looking
|
Batting: RHB Justin Waterston
|
0-0: Called Strike 0-1: Fly out, F9 (Flyball, 9LS)
|
Batting: RHB Stanley Wallace
|
0-0: Called Strike 0-1: Called Strike 0-2: Ball 1-2: Ball 2-2: Strikes out swinging, 2-3 out at first.
|
Bottom of the 4th over - 1 run(s), 1 hit(s), 0 error(s), 0 left on base; Virginia 0 - Boston College 1 |
TOP OF THE 5TH |
Virginia Cavaliers batting - Pitching for Boston College Eagles : RHP Hoyt Baldwin
|
Batting: LHB Domingo González
|
0-0: Ball 1-0: Ball 2-0: Ball 3-0: Base on Balls
|
Batting: LHB Pablo Espinoza
|
0-0: Ball 1-0: Ball 2-0: Swinging Strike 2-1: Fly out, F7 (Flyball, 7)
|
Batting: RHB Bert Larson
|
0-0: Called Strike Domingo González steals 2nd base 0-1: Ball Wild Pitch! Domingo González to third 1-1: Ball 2-1: Ball 3-1: Base on Balls
|
Batting: LHB Brett Anderson
|
0-0: Foul Ball, location: 2F 0-1: Swinging Strike 0-2: Ball 1-2: Fly out, F7 (Line Drive, 7) Runner from 3rd tags up, SCORES, no throw
|
Batting: LHB Randy Pérez
|
0-0: Foul Ball, location: 2F 0-1: Called Strike 0-2: Ball 1-2: Ball 2-2: Fielders Choice at 2nd, 4-6 (Groundball, 4)
|
Top of the 5th over - 1 run(s), 0 hit(s), 0 error(s), 0 left on base; Virginia 1 - Boston College 1 |
BOTTOM OF THE 5TH |
Boston College Eagles batting - Pitching for Virginia Cavaliers : RHP Will Hall
|
Batting: RHB Ed Gómez
|
0-0: Swinging Strike 0-1: Ball 1-1: Ball 2-1: Foul Ball, location: 2F 2-2: Fly out, F7 (Flyball, 7LS)
|
Batting: RHB Alan Mercado
|
0-0: Ball 1-0: Ball 2-0: Ball 3-0: Called Strike 3-1: Fly out, F9 (Flyball, 9LS)
|
Now in RF: Eric Barthorpe
|
|
Batting: SHB Marvin MacGeoch
|
0-0: Called Strike 0-1: Called Strike 0-2: Ball 1-2: Ball 2-2: Foul Ball, location: 2F 2-2: Foul Ball, location: 2F 2-2: Ball 3-2: Base on Balls
|
Pitching: RHP Mike Dickerson
|
|
Batting: RHB Jason Sears
|
Pickoff Throw to First - Out!
|
Bottom of the 5th over - 0 run(s), 0 hit(s), 0 error(s), 0 left on base; Virginia 1 - Boston College 1 |
TOP OF THE 6TH |
Virginia Cavaliers batting - Pitching for Boston College Eagles : RHP Hoyt Baldwin
|
Batting: RHB Carl Curry
|
0-0: Called Strike 0-1: Ball 1-1: Called Strike 1-2: Ball 2-2: Foul Ball, location: 2F 2-2: Foul Ball, location: 2F 2-2: Ground out 4-3 (Groundball, 4)
|
Pitching: RHP Donnie Carpenter
|
|
Batting: RHB Mark Whiffen
|
0-0: Called Strike 0-1: Ball 1-1: Ball 2-1: Foul Ball, location: 2F 2-2: Foul Ball, location: 2F 2-2: Ground out 4-3 (Groundball, 4)
|
Batting: RHB Bartolo Reyes
|
0-0: Called Strike 0-1: Ball 1-1: Ground out 6-3 (Groundball, 6)
|
Top of the 6th over - 0 run(s), 0 hit(s), 0 error(s), 0 left on base; Virginia 1 - Boston College 1 |
BOTTOM OF THE 6TH |
Boston College Eagles batting - Pitching for Virginia Cavaliers : RHP Mike Dickerson
|
Batting: RHB Jason Sears
|
0-0: Ball 1-0: Fly out, F6 (Line Drive, 6)
|
Batting: RHB Armando Blanco
|
0-0: Called Strike 0-1: Swinging Strike 0-2: Foul Ball, location: 2F 0-2: Ball 1-2: Foul Ball, location: 2F 1-2: Fly out, F8 (Flyball, 8RM)
|
Batting: SHB Felipe Castro
|
0-0: Ball 1-0: Foul Ball, location: 2F 1-1: Ball 2-1: Ground out 3-1 (Groundball, 3D)
|
Bottom of the 6th over - 0 run(s), 0 hit(s), 0 error(s), 0 left on base; Virginia 1 - Boston College 1 |
TOP OF THE 7TH |
Virginia Cavaliers batting - Pitching for Boston College Eagles : RHP Donnie Carpenter
|
Batting: SHB Walton Locke
|
0-0: Foul Ball, location: 2F 0-1: Swinging Strike 0-2: Ball 1-2: Ball 2-2: Ball 3-2: Foul Ball, location: 2F 3-2: Base on Balls
|
Batting: LHB Domingo González
|
0-0: Foul Ball, location: 2F 0-1: Called Strike 0-2: Strikes out swinging
|
Batting: LHB Pablo Espinoza
|
0-0: Ball 1-0: Swinging Strike 1-1: Ball 2-1: Ball 3-1: Fly out, F7 (Flyball, 78M)
|
Batting: RHB Bert Larson
|
0-0: Ball 1-0: Ball 2-0: Called Strike 2-1: Foul Ball, location: 2F 2-2: Foul Ball, location: 2F 2-2: Fielders Choice at 2nd, 4-6 (Groundball, 4)
|
Top of the 7th over - 0 run(s), 0 hit(s), 0 error(s), 0 left on base; Virginia 1 - Boston College 1 |
BOTTOM OF THE 7TH |
Boston College Eagles batting - Pitching for Virginia Cavaliers : RHP Mike Dickerson
|
Batting: LHB Rafael Yan
|
0-0: Ball 1-0: Called Strike 1-1: Ground out 4-3 (Groundball, 34D)
|
Batting: RHB Justin Waterston
|
0-0: Ground out U3 (Groundball, 3S)
|
Batting: RHB Stanley Wallace
|
0-0: Called Strike 0-1: Ball 1-1: Ball 2-1: Ball 3-1: Base on Balls
|
Batting: RHB Ed Gómez
|
0-0: Ground out 6-3 (Groundball, 6S)
|
Bottom of the 7th over - 0 run(s), 0 hit(s), 0 error(s), 1 left on base; Virginia 1 - Boston College 1 |
TOP OF THE 8TH |
Virginia Cavaliers batting - Pitching for Boston College Eagles : RHP Donnie Carpenter
|
Batting: LHB Brett Anderson
|
0-0: Ground out 1-3 (Groundball, 13S)
|
Batting: RHB Eric Barthorpe
|
0-0: Called Strike 0-1: Called Strike 0-2: Ball 1-2: Fly out, F9 (Flyball, 89S)
|
Batting: RHB Carl Curry
|
0-0: Called Strike 0-1: Ball 1-1: Foul Ball, location: 2F 1-2: Foul Ball, location: 2F 1-2: Ball 2-2: Ball 3-2: Reached on error, E6 (Groundball, 6)
|
Pitching: LHP Juan Cuestas
|
|
Batting: RHB Mark Whiffen
|
0-0: Called Strike Throwing error on steal attempt, E2 Carl Curry to third 0-1: Fly out, F8 (Flyball, 8LS)
|
Top of the 8th over - 0 run(s), 0 hit(s), 2 error(s), 1 left on base; Virginia 1 - Boston College 1 |
BOTTOM OF THE 8TH |
Boston College Eagles batting - Pitching for Virginia Cavaliers : RHP Mike Dickerson
|
Batting: RHB Alan Mercado
|
0-0: Foul Ball, location: 2F 0-1: Ball 1-1: Foul Ball, location: 2F 1-2: Ball 2-2: Strikes out looking
|
Batting: SHB Marvin MacGeoch
|
0-0: Called Strike 0-1: Ball 1-1: Foul Ball, location: 2F 1-2: Strikes out swinging
|
Batting: RHB Jason Sears
|
0-0: Swinging Strike 0-1: Ball 1-1: Ground out 5-3 (Groundball, 56)
|
Bottom of the 8th over - 0 run(s), 0 hit(s), 0 error(s), 0 left on base; Virginia 1 - Boston College 1 |
TOP OF THE 9TH |
Virginia Cavaliers batting - Pitching for Boston College Eagles : LHP Juan Cuestas
|
Pitching: LHP Dave Thompson
|
|
Batting: RHB Bartolo Reyes
|
0-0: Ground out 4-3 (Groundball, 4M)
|
Batting: SHB Walton Locke
|
0-0: Foul Ball, location: 2F 0-1: Fly out, F4 (Popup, 4)
|
Batting: LHB Domingo González
|
0-0: Called Strike 0-1: Foul Ball, location: 2F 0-2: Ground out 4-3 (Groundball, 34)
|
Top of the 9th over - 0 run(s), 0 hit(s), 0 error(s), 0 left on base; Virginia 1 - Boston College 1 |
BOTTOM OF THE 9TH |
Boston College Eagles batting - Pitching for Virginia Cavaliers : RHP Mike Dickerson
|
Pitching: LHP Bill Martin
|
|
Batting: RHB Armando Blanco
|
0-0: Ball 1-0: Ball 2-0: Ball 3-0: Base on Balls
|
Batting: SHB Felipe Castro
|
0-0: Called Strike 0-1: Foul Ball, location: 2F 0-2: Ball 1-2: Ball 2-2: Ball 3-2: Fly out, F5 (Popup, 5D)
|
Batting: LHB Rafael Yan
|
0-0: Called Strike 0-1: Ball 1-1: Called Strike 1-2: Ball 2-2: SINGLE (Groundball, 4D) Armando Blanco to second Runner from 2nd tries for 3rd, SAFE, throw made to third
|
Batting: RHB Justin Waterston
|
0-0: Ball 1-0: 3-RUN HOME RUN (Flyball, 8LXD), Distance : 404 ft
|
Thursday, March 30th, 2017 - OOTP Baseball 17.12 Build 75
|
|